 Dungeon Crawl Stone Soup version 0.31.0-11-ge490571c62 (webtiles) character file.

Game seed: 12412163972632971298

193 qw the Shooter (level 5, -5/26 HPs)
             Began as a Spriggan Hunter on Feb 4, 2024.
             Slain by a gnoll bouda
             ... wielding a +0 whip
              (8 damage)
             ... on level 3 of the Dungeon.
             The game lasted 00:00:05 (1956 turns).

qw the Shooter (Spriggan Hunter)                    Turns: 1956, Time: 00:00:06

Health: -5/26      AC:  2    Str:  7    XL:     5   Next: 44%
Magic:  6/6        EV: 20    Int: 10    God:
Gold:   92         SH:  0    Dex: 21    Spells: 4/4 levels left

rFire   . . .        a - +0 shortbow (heavy)
rCold   . . .        (shield currently unavailable)
rNeg    . . .        c - +0 robe
rPois   .            (helmet restricted)
rElec   .            (no cloak)
rCorr   .            (gloves unavailable)
SInv    +            (boots unavailable)
Will    .....        (no amulet)
Stlth   ++           (no ring)
HPRegen 0.24/turn    (no ring)
MPRegen 0.10/turn

%: no passive effects
@: very quick
A: very small, no large weapons, unfitting armour, see invisible, speed 3
a: no special abilities


You were on level 3 of the Dungeon.
You visited 1 branch of the dungeon, and saw 3 of its levels.

You collected 92 gold pieces.


Innate Abilities, Weirdness & Mutations

You are very small and have problems with some larger weapons.
You are too small for most types of armour.
You have supernaturally acute eyesight. (SInv)
You cover ground extremely quickly. (Speed+++)


   Skills:
 - Level 2.2 Fighting
 + Level 5.5 Ranged Weapons
 - Level 5.0 Dodging
 - Level 1.5 Stealth


You had 4 spell levels left.
You didn't know any spells.
Your spell library was empty.

Inventory:

Hand Weapons
 a - a +0 heavy shortbow (weapon)
Armour
 c - a +0 robe (worn)
Wands
 b - a wand of digging (4)
Potions
 d - a potion of haste
 f - a potion of curing
 g - a potion of heal wounds {unknown}
 h - a potion of invisibility {unknown}
 i - a potion of degeneration {unknown}
 j - a potion of mutation {unknown}
 k - a potion of brilliance {unknown}

Dungeon Overview and Level Annotations

Branches:
Dungeon (3/15)

Altars:


Message History

The gnoll hits you from afar with a +0 spear.
The gnoll bouda gazes fiercely through you!
You feel your attacks grow feeble.
The gnoll bouda hits you with a +0 whip.
You shoot an arrow. The arrow hits the gnoll bouda.
The gnoll bouda is lightly wounded.
The gnoll closely misses you.
The gnoll bouda hits you with a +0 whip.
The gnoll completely misses you. The gnoll hits you with a +0 club.
You shoot an arrow. The arrow hits the gnoll bouda!
The gnoll bouda is heavily wounded.
Your attacks no longer feel as feeble.
The gnoll bouda misses you. The gnoll misses you.
The gnoll hits you with a +0 club. The gnoll barely misses you.
The gnoll bouda completely misses you. The gnoll closely misses you.
You shoot an arrow.
The arrow barely misses the gnoll bouda.
The gnoll bouda closely misses you. The gnoll closely misses you.
The gnoll misses you. The gnoll completely misses you.
The gnoll bouda misses you.
You shoot an arrow.
The arrow hits the gnoll bouda but does no damage.
The gnoll bouda is heavily wounded.
The gnoll misses you. The gnoll bouda barely misses you.
The gnoll closely misses you. x2
You shoot an arrow.
The arrow hits the gnoll bouda but does no damage.
The gnoll bouda is heavily wounded.
The gnoll bouda misses you. The gnoll barely misses you.
The gnoll hits you with a +0 club. The gnoll barely misses you.
The gnoll bouda barely misses you. The gnoll misses you.
You shoot an arrow.
The arrow hits the gnoll bouda but does no damage.
The gnoll bouda is heavily wounded.
The gnoll is no longer moving quickly.
The gnoll bouda barks out a call to the hunt!
The gnoll picks up the pace!
The gnoll completely misses you. The gnoll misses you.
The gnoll bouda hits you with a +0 whip!
You die...

...P.. .P.P. #
..PP #.## ..P
#...###. ). ..
......# g###...
.....###g......
##...@g...... #
#............ #
#.#.).##.###...
#..#.#...##.# .
#...........#
#..##.#.###..##
#.#.# ..... #
#.###.####
#.....##########


You could see a gnoll bouda and 2 gnolls.

Vanquished Creatures
  Natasha (thrice) (D:2)
  7 gnolls
  An adder (D:2)
  A dart slug (D:1)
  3 ball pythons
  2 endoplasms (D:1)
  3 giant cockroaches
  A goblin (D:3)
  3 hobgoblins
  3 jackals (D:1)
  9 kobolds
  2 quokkas
  4 bats
  A frilled lizard (D:1)
  3 rats
46 creatures vanquished.

Notes
Turn   | Place    | Note
-------+----------+-------------------------------------------
     0 | D:1      | qw the Spriggan Hunter began the quest for the Orb.
     0 | D:1      | Reached XP level 1. HP: 10/10 MP: 2/2
     0 | D:1      | 0 ||| qw: Version: 0.3-a-160-g6735b56
     0 | D:1      | 0 ||| qw: Game counter: 5092
     0 | D:1      | 0 ||| qw: Melee chars always use a shield: true
     0 | D:1      | 0 ||| qw: God list: Okawaru
     0 | D:1      | 0 ||| qw: Allow faded altars: false
     0 | D:1      | 0 ||| qw: Do Orc after clearing Dungeon:15 true
     0 | D:1      | 0 ||| qw: Do second Lair branch before Depths: true
     0 | D:1      | 0 ||| qw: Lair rune preference: random
     0 | D:1      | 0 ||| qw: Goals: Normal
     0 | D:1      | 0 ||| PLANNING D:1-11
    90 | D:1      | Reached skill level 3 in Dodging
   237 | D:1      | Reached XP level 2. HP: 14/14 MP: 3/3
   791 | D:1      | 791 ||| READING scroll labelled CEUKHAABINT.
   791 | D:1      | 791 ||| BRANDING +0 shortbow.
   792 | D:1      | 792 ||| DROPPING scroll of butterflies.
   814 | D:2      | Noticed Natasha
   816 | D:2      | Killed Natasha
   817 | D:2      | Reached XP level 3. HP: 18/18 MP: 4/4
  1137 | D:2      | Noticed Natasha
  1139 | D:2      | 1139 ||| FLEEEEING.
  1140 | D:2      | 1140 ||| FLEEEEING.
  1141 | D:2      | 1141 ||| FLEEEEING.
  1142 | D:2      | 1142 ||| FLEEEEING.
  1143 | D:2      | 1143 ||| FLEEEEING.
  1144 | D:2      | 1144 ||| FLEEEEING.
  1145 | D:2      | 1145 ||| FLEEEEING.
  1146 | D:2      | 1146 ||| FLEEEEING.
  1150 | D:2      | Killed Natasha
  1151 | D:2      | Reached XP level 4. HP: 22/22 MP: 5/5
  1674 | D:2      | Reached XP level 5. HP: 26/26 MP: 6/6
  1771 | D:2      | Noticed Natasha
  1775 | D:2      | Killed Natasha
  1871 | D:2      | 1871 ||| READING scroll labelled OBOOGG XEIPSO.
  1871 | D:2      | 1871 ||| IDENTIFYING white potion
  1872 | D:2      | 1872 ||| READING scroll labelled YHY NEGGIT.
  1876 | D:2      | 1876 ||| DRINKING 2 bubbling dark potions.
  1877 | D:2      | 1877 ||| DRINKING 2 amethyst potions.
  1878 | D:2      | 1878 ||| DROPPING potion of berserk rage.
  1951 | D:3      | HP: 3/26 [gnoll/+0 club[a gnoll bouda] (4)]
  1956 | D:3      | Slain by a gnoll bouda

Levels and vault maps discovered:
D:1:      dpeg_arrival_refuge, layout_loops_corners
D:2:      layout_loops_corners, uniq_natasha
D:3:      layout_loops_cross, mainiacjoe_overflow_surrounded_room,
          basic_ecumenical_altar, serial_shops, nicolae_shop_back_alley_shop,
          nicolae_grassy_gnolls

Skill      XL: |  1  2  3  4  5 |
---------------+----------------+-----
Dodging        | 3 4 5 |  5.0
Ranged Weapons | 5 |  5.5
Fighting       | 2 |  2.2
Stealth        | |  1.5

Action                     |  1- 3 |  4- 6 || total
---------------------------+-------+-------++-------
   Fire: Shortbow          |    69 |    52 ||   121
    Use: Scroll            |     1 |     2 ||     3
         Potion            |       |     2 ||     2
 Armour: Robe              |     1 |    11 ||    12
  Dodge: Dodged            |    11 |    53 ||    64

Table legend:
 A = Non-vault XP
 B = Vault XP
 C = Vault XP percentage of total XP
 D = Non-vault monster count
 E = Vault monster count
 F = Vault count percentage of total count
                 A         B        C        D         E       F
            +---------+---------+-------+---------+---------+-------
      Total |     199 |      78 |  28.2 |      42 |       4 |   8.7
            +---------+---------+-------+---------+---------+-------
        D:1 |      36 |       0 |   0.0 |      22 |       0 |   0.0
        D:2 |     159 |      36 |  18.5 |      18 |       1 |   5.3
        D:3 |       4 |      42 |  91.3 |       2 |       3 |  60.0
            +---------+---------+-------+---------+---------+-------
